 Dungeon Crawl Stone Soup version 0.29-a0-25-g7f48f510a0 (webtiles) character file.

Game seed: 12384280628545828564

183887 dolemite99 the Nimble (level 18, -8/143 HPs)
             Began as a Gnoll Gladiator on Feb 1, 2022.
             Was an Elder of Elyvilon.
             Mangled by a wolf spider (10 damage)
             ... on level 4 of the Spider Nest.
             The game lasted 02:03:47 (66864 turns).

dolemite99 the Nimble (Gnoll Gladiator)            Turns: 66864, Time: 02:03:48

Health: -8/143     AC: 26    Str: 25    XL:     18   Next: 39%
Magic:  34/34      EV: 13    Int: 15    God:    Elyvilon [****..]
Gold:   479        SH:  0    Dex: 11    Spells: 7/41 levels left

rFire   . . .      SeeInvis +   a - +6 war axe "Hiracw" {speed, +Blink rC+ SInv}
rCold   + + .      Faith    .   r - +0 buckler
rNeg    . . .      Spirit   .   B - +4 chain mail {rF+}
rPois   +          Reflect  +   (helmet restricted)
rElec   .          Harm     .   m - +2 cloak {rCorr}
rCorr   +          Rampage  +   Y - +1 pair of gloves
Will    +....                   N - +2 pair of boots {rampage}
Stlth   ..........              j - amulet of reflection
HPRegen 0.33/turn               c - ring "Watuciq" {rF- rC+ Str+6 Int+4 SInv}
MPRegen 0.24/turn               e - ring of poison resistance

@: confused, on berserk cooldown, slowed, very slow
A: fangs 1, strong nose, distributed training, antennae 1, clumsy 1
a: Renounce Religion, Evoke Blink, Purification, Heal Other, Heal Self


You were on level 4 of the Spider Nest.
You worshipped Elyvilon.
Elyvilon was greatly pleased with you.
You visited 6 branches of the dungeon, and saw 31 of its levels.

You collected 3225 gold pieces.
You spent 2746 gold pieces at shops.

Inventory:

Hand Weapons
 a - the +6 war axe "Hiracw" (weapon) {speed, +Blink rC+ SInv}
   (You found it on level 1 of the Orcish Mines)

   Attacks with this weapon are significantly faster.
   rC:        It protects you from cold.
   SInv:      It lets you see invisible.
   +Blink:    It lets you blink.
 b - a +0 vorpal hand crossbow
 i - a +2 war axe of flaming
 x - the +5 trident "Iman" {vorpal, rC++}
   (You found it on level 3 of the Lair of Beasts)

   It inflicts extra damage upon your enemies.
   rC:        It greatly protects you from cold.
 L - a +0 fustibalus
 W - a +2 trident of venom
Missiles
 w - 66 bolts
 y - 355 sling bullets
 G - 20 poisoned darts
 R - 14 boomerangs (quivered)
 S - 4 javelins
Armour
 h - the +0 helmet of Vemupp {rF+}
   (You bought it in a shop on level 2 of the Orcish Mines)

   rF:        It protects you from fire.
 m - a +2 cloak of preservation (worn)
 r - a +0 buckler (worn)
 A - a +1 helmet
 B - a +4 chain mail of fire resistance (worn)
 N - a +2 pair of boots of rampaging (worn)
 Y - a +1 pair of gloves (worn)
Magical Staves
 I - a staff of air
Jewellery
 c - the ring "Watuciq" (left hand) {rF- rC+ Str+6 Int+4 SInv}
   (You acquired it on level 7 of the Dungeon)

   [ring of strength]

   Str:       It affects your strength (+6).
   Int:       It affects your intelligence (+4).
   rF:        It makes you vulnerable to fire.
   rC:        It protects you from cold.
   SInv:      It lets you see invisible.
 e - a ring of poison resistance (right hand)
 j - an amulet of reflection (around neck)
 l - a ring of magical power
 o - a ring of wizardry
 q - a +4 ring of protection
 z - a +4 ring of evasion
 O - an amulet of magic regeneration
 U - a ring of protection from cold
 V - a ring of see invisible
 Z - an amulet of guardian spirit
Wands
 k - a wand of digging (14)
 E - a wand of polymorph (28)
Scrolls
 f - 20 scrolls of identify {@r1}
 t - 6 scrolls of vulnerability
 u - a scroll of enchant armour
 v - 2 scrolls of holy word
 C - a scroll of magic mapping
 F - 3 scrolls of fog
 M - 4 scrolls of teleportation
 X - a scroll of enchant weapon
Potions
 n - 3 potions of attraction
 p - 4 potions of flight
 s - 13 potions of curing
 D - 3 potions of resistance
 H - 5 potions of might
 P - 3 potions of berserk rage
 Q - 2 potions of ambrosia
 T - 2 potions of brilliance
Miscellaneous
 d - a tin of tremorstones (inert)
 J - a lightning rod (1/4)
 K - a phantom mirror (inert)


   Skills:
 + Level 13.1 Fighting
 + Level 12.3 Short Blades
 + Level 12.3 Long Blades
 + Level 12.3 Axes
 + Level 12.3 Maces & Flails
 + Level 12.3 Polearms
 + Level 13.9 Staves
 + Level 12.3 Slings
 + Level 12.3 Bows
 + Level 12.3 Crossbows
 + Level 13.1 Throwing
 + Level 12.3 Armour
 + Level 13.9 Dodging
 + Level 12.3 Stealth
 + Level 12.3 Shields
 + Level 12.3 Unarmed Combat
 + Level 12.3 Spellcasting
 + Level 10.4 Conjurations
 + Level 10.4 Hexes
 + Level 10.4 Summonings
 + Level 10.4 Necromancy
 + Level 10.4 Translocations
 + Level 10.4 Transmutations
 + Level 10.4 Fire Magic
 + Level 10.4 Ice Magic
 + Level 10.4 Air Magic
 + Level 10.4 Earth Magic
 + Level 10.4 Poison Magic
 + Level 13.4 Invocations
 + Level 12.3 Evocations


You had 7 spell levels left.
You knew the following spells:

 Your Spells              Type           Power      Damage    Failure   Level
a - Poisonous Vapours     Pois/Air       80%        N/A       1%          2
b - Mephitic Cloud        Conj/Pois/Air  40%        N/A       1%          3
c - Inner Flame           Hex/Fire       40%        N/A       1%          3
d - Tukima's Dance        Hex            40%        N/A       1%          3
e - Summon Lightning Spi  Summ/Air       40%        N/A       5%          4
f - Cause Fear            Hex            20%        N/A       5%          4
g - Freezing Cloud        Conj/Ice/Air   20%        6-21      16%         5
h - Animate Armour        Summ/Erth      80%        N/A       5%          4
i - Wereblood             Tmut           40%        N/A       1%          2
j - Apportation           Tloc           80%        N/A       1%          1
k - Conjure Flame         Conj/Fire      40%        6-21      1%          3

Your spell library contained the following spells:

 Spells                   Type           Power      Damage    Failure   Level
 Animate Skeleton         Necr           80%        N/A       1%          1
 Beastly Appendage        Tmut           80%        N/A       1%          1
 Pain                     Necr           100%       1d9       1%          1
 Sandblast                Erth           80%        2d17      1%          1
 Summon Small Mammal      Summ           100%       N/A       1%          1
 Corpse Rot               Necr/Air       80%        N/A       1%          2
 Passwall                 Tmut/Erth      33%        N/A       1%          2
 Sublimation of Blood     Necr           40%        N/A       1%          2
 Dazzling Flash           Conj/Hex       80%        N/A       1%          3
 Ignite Poison            Fire/Tmut/Pois 40%        N/A       1%          3
 Ozocubu's Armour         Ice            40%        N/A       1%          3
 Spider Form              Tmut/Pois      40%        N/A       1%          3
 Stone Arrow              Conj/Erth      80%        3d12      1%          3
 Vampiric Draining        Necr           40%        2d8       1%          3
 Airstrike                Air            20%        N/A       5%          4
 Anguish                  Hex/Necr       20%        N/A       5%          4
 Sticky Flame             Conj/Fire      40%        2d6       5%          4
 Alistair's Intoxication  Tmut/Pois      26%        N/A       16%         5
 Blade Hands              Tmut           20%        N/A       16%         5
 Borgnjor's Vile Clutch   Necr/Erth      20%        N/A       16%         5
 Fireball                 Conj/Fire      20%        3d10      16%         5
 Lightning Bolt           Conj/Air       20%        1d35      16%         5
 Metabolic Englaciation   Hex/Ice        20%        N/A       16%         5
 Dispersal                Tloc           20%        N/A       63%         6
 Eringya's Noxious Bog    Tmut/Pois      20%        N/A       63%         6
 Iron Shot                Conj/Erth      20%        9d5       63%         6
 Simulacrum               Ice/Necr       20%        N/A       63%         6
 Starburst                Conj/Fire      20%        6d7       63%         6
 Enfeeble                 Hex            20%        N/A       99%         7
 Monstrous Menagerie      Summ           20%        N/A       99%         7
 Discord                  Hex            20%        N/A       100%        8
 Disjunction              Tloc           20%        N/A       100%        8
 Ignition                 Fire           20%        3d7       100%        8
 Lehudib's Crystal Spear  Conj/Erth      20%        10d6      100%        8


Dungeon Overview and Level Annotations

Branches:
Dungeon (15/15)            Temple (1/1) D:5            Lair (6/6) D:11
 Shoals (3/4) Lair:4       Spider (4/4) Lair:4          Orc (2/2) D:12
    Elf (0/3) Orc:2        Vaults (0/5) D:14         Depths (0/4) D:15
  Slime: Lair:5-6

Altars:
Ashenzari
Cheibriados
Dithmenos
Elyvilon
Fedhas
Gozag
Hepliaklqana
Kikubaaqudgha
Makhleb
Nemelex Xobeh
Okawaru
Qazlal
Ru
Sif Muna
Trog
Uskayaw
Vehumet
Wu Jian
Xom
Yredelemnul
Zin
The Shining One

Shops:
D:9 *   D:14 *   Orc:2 (=[*   Shoals:2 !   Shoals:3 (

Portals:
Trove: D:13 (give 8 potions of haste)

Annotations:
D:3 exclusion: downstairs
Lair:6 exclusion: 3 oklob plants
Spider:3 2 transporters


Innate Abilities, Weirdness & Mutations

You have very sharp teeth.
Your uncanny sense of smell can sniff out nearby items.
Your experience applies equally to all skills.
You have a pair of small antennae on your head.
You are clumsy. (Dex -2)


Message History

You slash the moth of wrath!
You kill the moth of wrath!
The wolf spider hits you. The wolf spider barely misses you.
The wolf spider hits you. The wolf spider bites you!
You bump into the rock wall.
The wolf spider hits you. The wolf spider bites you!
The tarantella rages.
The wolf spider hits you! The wolf spider bites you!
You bump into the rock wall.
You feel a strong urge to attack something.
The wolf spider hits you!
* * * LOW HITPOINT WARNING * * *
The wolf spider barely misses you.
The tarantella rages.
The wolf spider hits you!!
* * * LOW HITPOINT WARNING * * *
The wolf spider bites you!
* * * LOW HITPOINT WARNING * * *
The torpor snail bites you but does no damage.
You bump into the rock wall.
You are no longer berserk.
You are exhausted.
You feel as though you will be slow longer.
The wolf spider hits you.
* * * LOW HITPOINT WARNING * * *
The wolf spider barely misses you.
The wolf spider hits you but does no damage.
The wolf spider bites you but does no damage.
The torpor snail bites you.
* * * LOW HITPOINT WARNING * * *
You are too confused!
You feel much better. The wolf spider hits you!!
* * * LOW HITPOINT WARNING * * *
The wolf spider bites you!
* * * LOW HITPOINT WARNING * * *
The tarantella rages.
The wolf spider hits you.
* * * LOW HITPOINT WARNING * * *
The wolf spider bites you!
You die...

# ∆ ##.
....
.....
......###
#..w@#
#...s##
#..#..
....... ^
#..#.
.^....
.#.. .#
... .


You could see a torpor snail and a wolf spider (berserk).

Vanquished Creatures
  Ilsuiw (Shoals:3)
  An emperor scorpion (Spider:2)
  2 orc warlords (Orc:1)
  2 ghost moths
  Louise (Spider:1)
  2 broodmothers
  3 entropy weavers
  2 spark wasps
  Snorg (D:13)
  Josephine (Lair:5)
  2 merfolk impalers
  A great orb of eyes (D:14)
  A vault guard (D:14)
  3 boulder beetles
  12 hydras
  3 merfolk avatars
  3 radroaches
  2 centaur warriors
  3 ogre magi (D:15)
  15 two-headed ogres
  2 merfolk aquamancers (Shoals:2)
  2 satyrs (Shoals:3)
  15 death yaks
  2 death knights (D:14)
  A death scarab (Spider:2)
  3 orc high priests
  An alligator (D:12)
  Nergalle (Lair:4)
  3 skeletal warriors
  A pharaoh ant (Spider:3)
  6 orb spiders
  6 sea snakes
  2 steelbarb worms (Spider:3)
  A phantasmal warrior (D:13)
  A necromancer (D:15)
  21 harpies
  6 orc knights
  2 deep elf pyromancers
  2 deep elf zephyrmancers (D:15)
  8 fauns
  12 manticores
  4 orc sorcerers
  5 ugly things (D:15)
  4 cyclopes
  A wolf spider zombie (D:15)
  6 wolf spiders
  3 moths of wrath
  14 elephants
  3 torpor snails
  A naga mage (D:15)
  4 merfolk sirens (Shoals:1)
  7 water nymphs
  4 black mambas
  An unseen horror (D:11)
  16 cane toads
  10 komodo dragons
  A kobold demonologist (D:9)
  A rime drake (shapeshifter) (D:13)
  10 demonic crawlers
  A freezing wraith (D:15)
  6 merfolk
  12 polar bears
  A wolf spider simulacrum (D:15)
  7 meliai
  14 tarantellas
  7 hornets
  2 trolls (D:12)
  2 wind drakes
  A raiju (shapeshifter) (D:13)
  13 blink frogs
  5 slime creatures (D:15)
  Grinder (D:6)
  6 dream sheep
  6 snapping turtles
  21 jumping spiders
  A meliai zombie (D:11)
  Sigmund (D:4)
  4 culicivoras
  11 wraiths
  4 wyverns
  15 spriggans (Lair:6)
  33 yaks
  11 water elementals
  2 shadows
  A human (D:12)
  2 basilisks
  3 fire elementals (D:15)
  Eustachio (D:5)
  4 vampire mosquitoes
  35 redbacks
  8 wargs
  A harpy simulacrum (D:15)
  4 acid dragons
  15 water moccasins
  A hell hound (D:15)
  A dancing weapon (Orc:2)
  3 ice beasts (D:6)
  A sky beast (D:5)
  21 orc warriors
  The ghost of Cecur the Skirmisher, an amateur DsMo of Makhleb (D:3)
  3 black bears
  3 boggarts (Lair:6)
  29 wolves
  9 centaurs
  14 ogres
  A phantom (D:4)
  2 kobold brigands (D:10)
  5 nameless horrors
  10 bullfrogs
  A wyvern zombie (D:8)
  A water moccasin zombie (D:3)
  A wyvern skeleton (D:7)
  14 wights
  10 killer bees
  2 howler monkeys
  7 crimson imps (D:8)
  2 hounds
  5 centaur zombies
  3 jellies
  Crazy Yiuf (D:2)
  2 centaur skeletons
  17 orc priests
  A gnoll shaman (D:6)
  2 bullfrog skeletons
  An iguana (D:6)
  Jessica (D:3)
  19 orc wizards
  5 hell rats (Lair:6)
  2 hound skeletons (D:4)
  A mummy (D:4)
  A howler monkey zombie (D:5)
  10 gnolls
  6 adders
  2 shadow imps
  A white imp (D:8)
  An ufetubus (D:5)
  A worm (D:3)
  2 dart slugs
  77 orcs
  4 ball pythons
  5 bats
  10 endoplasms
  8 hobgoblins
  7 jackals
  2 quokkas
  7 frilled lizards
  6 goblins
  15 kobolds
  6 rats
  A butterfly (Lair:1)
889 creatures vanquished.

Vanquished Creatures (collateral kills)
  Azrael (D:15)
  An entropy weaver (Spider:1)
  2 hydras
  A two-headed ogre (D:15)
  Urug (D:13)
  A skeletal warrior (D:12)
  2 pharaoh ants
  A sun moth (Spider:1)
  3 sea snakes
  2 steelbarb worms
  A phantasmal warrior (D:13)
  3 harpies
  An orc knight (D:12)
  2 orc sorcerers (Orc:2)
  A moth of wrath (Spider:1)
  2 wolf spiders (Spider:3)
  A manticore (Shoals:3)
  A cyclops (D:13)
  3 merfolk sirens
  A torpor snail (Spider:3)
  A demonic crawler (Spider:2)
  A troll (D:13)
  3 merfolk
  5 tarantellas
  4 wind drakes
  A slime creature (D:15)
  2 snapping turtles
  4 jumping spiders
  A shadow (D:8)
  5 culicivoras
  7 redbacks
  An acid dragon (D:13)
  2 orc warriors (Orc:2)
  2 hell hounds (D:15)
  A nameless horror (D:15)
  3 orc priests
  4 orcs
78 creatures vanquished.

Vanquished Creatures (others)
  A hydra (D:15)
  A two-headed ogre (D:15)
  2 dancing weapons
  A harpy skeleton (D:15)
  A crimson imp (D:8)
  4 orcs
  A bush (Lair:6)
  35 fungi
  99 plants
  23 tentacles (Shoals:2)
168 creatures vanquished.

Grand Total: 1135 creatures vanquished

Notes
Turn   | Place    | Note
-------+----------+-------------------------------------------
     0 | D:1      | dolemite99 the Gnoll Gladiator began the quest for the Orb.
     0 | D:1      | Reached XP level 1. HP: 20/20 MP: 1/1
   257 | D:1      | Reached XP level 2. HP: 26/26 MP: 2/2
   757 | D:1      | Reached XP level 3. HP: 26/31 MP: 3/3
   873 | D:1      | You fall into a shaft and drop 1 floor!
   961 | D:2      | Found a runed translucent door.
   962 | D:2      | Noticed Crazy Yiuf
   972 | D:2      | Killed Crazy Yiuf
   973 | D:2      | Reached skill level 1 in Short Blades
   973 | D:2      | Reached skill level 1 in Long Blades
   973 | D:2      | Reached skill level 1 in Axes
   973 | D:2      | Reached skill level 1 in Maces & Flails
   973 | D:2      | Reached skill level 1 in Polearms
   973 | D:2      | Reached skill level 1 in Slings
   973 | D:2      | Reached skill level 1 in Bows
   973 | D:2      | Reached skill level 1 in Crossbows
   973 | D:2      | Reached skill level 1 in Armour
   973 | D:2      | Reached skill level 1 in Stealth
   973 | D:2      | Reached skill level 1 in Shields
   973 | D:2      | Reached skill level 1 in Unarmed Combat
   973 | D:2      | Reached skill level 1 in Spellcasting
   973 | D:2      | Reached skill level 1 in Invocations
   973 | D:2      | Reached skill level 1 in Evocations
   973 | D:2      | Reached XP level 4. HP: 38/38 MP: 5/5
  1852 | D:2      | Found a faded altar of an unknown god.
  1857 | D:2      | Prayed at the altar of an unknown god.
  1857 | D:2      | Became a worshipper of Elyvilon the Healer
  1857 | D:2      | Reached * piety under Elyvilon
  2245 | D:3      | Noticed Cecur's ghost (amateur DsMo)
  2245 | D:3      | Found a transporter.
  2246 | D:3      | Found a transporter.
  2339 | D:3      | Reached ** piety under Elyvilon
  2521 | D:3      | Reached skill level 1 in Conjurations
  2521 | D:3      | Reached skill level 1 in Hexes
  2521 | D:3      | Reached skill level 1 in Summonings
  2521 | D:3      | Reached skill level 1 in Necromancy
  2521 | D:3      | Reached skill level 1 in Translocations
  2521 | D:3      | Reached skill level 1 in Transmutations
  2521 | D:3      | Reached skill level 1 in Fire Magic
  2521 | D:3      | Reached skill level 1 in Ice Magic
  2521 | D:3      | Reached skill level 1 in Air Magic
  2521 | D:3      | Reached skill level 1 in Earth Magic
  2521 | D:3      | Reached skill level 1 in Poison Magic
  2556 | D:3      | Reached XP level 5. HP: 28/43 MP: 5/7
  2779 | D:3      | Noticed Jessica
  2785 | D:3      | Killed Jessica
  2796 | D:3      | Got Jessica's Papyrus of Unholy Rituals
  3176 | D:4      | Noticed an orc warrior
  3252 | D:4      | Reached XP level 6. HP: 50/50 MP: 8/8
  3283 | D:4      | Noticed Sigmund
  3467 | D:4      | Killed an orc warrior
  3468 | D:4      | Reached skill level 5 in Fighting
  3468 | D:4      | Reached skill level 5 in Throwing
  3629 | D:4      | Killed Sigmund
  3630 | D:4      | Reached XP level 7. HP: 56/56 MP: 10/10
  3863 | D:4      | Found a snail-covered altar of Cheibriados.
  4150 | D:4      | Found an iron altar of Okawaru.
  4173 | D:5      | Entered Level 5 of the Dungeon
  4264 | D:5      | Found a staircase to the Ecumenical Temple.
  4298 | D:5      | Reached *** piety under Elyvilon
  4332 | Temple   | Entered the Ecumenical Temple
  4521 | D:5      | Noticed Eustachio
  4561 | D:5      | Killed Eustachio
  5000 | D:5      | Reached XP level 8. HP: 42/63 MP: 12/12
  5864 | D:6      | Noticed Grinder
  5879 | D:6      | Killed Grinder
  6260 | D:6      | Reached XP level 9. HP: 68/69 MP: 14/14
  6261 | D:6      | Found Egutyi's Magic Scroll Shop.
  6264 | D:6      | Bought a scroll of identify for 20 gold pieces
  6264 | D:6      | Bought a scroll of fog for 20 gold pieces
  6265 | D:6      | Bought a scroll of identify for 20 gold pieces
  6265 | D:6      | Bought a scroll of identify for 20 gold pieces
  6265 | D:6      | Bought a scroll of identify for 20 gold pieces
  6962 | D:6      | Reached **** piety under Elyvilon
  8268 | D:7      | Noticed a hornet
  8277 | D:7      | Killed a hornet
  8504 | D:7      | Reached skill level 5 in Invocations
  8721 | D:7      | Identified a scroll of acquirement
  8721 | D:7      | Acquired the ring "Watuciq" {rF- rC+ Str+6 Int+4 SInv}
  9360 | D:8      | Reached XP level 10. HP: 67/77 MP: 17/17
  9485 | D:8      | Reached skill level 5 in Short Blades
  9485 | D:8      | Reached skill level 5 in Long Blades
  9485 | D:8      | Reached skill level 5 in Axes
  9485 | D:8      | Reached skill level 5 in Maces & Flails
  9485 | D:8      | Reached skill level 5 in Polearms
  9485 | D:8      | Reached skill level 5 in Slings
  9485 | D:8      | Reached skill level 5 in Bows
  9485 | D:8      | Reached skill level 5 in Crossbows
  9485 | D:8      | Reached skill level 5 in Armour
  9485 | D:8      | Reached skill level 5 in Stealth
  9485 | D:8      | Reached skill level 5 in Shields
  9485 | D:8      | Reached skill level 5 in Unarmed Combat
  9485 | D:8      | Reached skill level 5 in Spellcasting
  9485 | D:8      | Reached skill level 5 in Evocations
 10048 | D:8      | Found a stormy altar of Qazlal.
 10048 | D:8      | Found a burning altar of Makhleb.
 10368 | D:8      | Found a shimmering altar of Xom.
 10392 | D:8      | Found a shadowy altar of Dithmenos.
 10436 | D:8      | Found an ancient bone altar of Kikubaaqudgha.
 10436 | D:8      | Found a radiant altar of Vehumet.
 10436 | D:8      | Found a hide-covered altar of Uskayaw.
 10600 | D:9      | Reached ***** piety under Elyvilon
 10708 | D:9      | Found Waqaroe's Lightly-Used Armoury.
 12013 | D:10     | Entered Level 10 of the Dungeon
 12565 | D:11     | Noticed a kobold demonologist
 12568 | D:11     | Noticed an orange demon
 12882 | D:10     | Noticed a two-headed ogre
 12922 | D:10     | Killed a two-headed ogre
 12925 | D:10     | Reached XP level 11. HP: 44/84 MP: 16/19
 13365 | D:10     | Reached skill level 5 in Conjurations
 13365 | D:10     | Reached skill level 5 in Hexes
 13365 | D:10     | Reached skill level 5 in Summonings
 13365 | D:10     | Reached skill level 5 in Necromancy
 13365 | D:10     | Reached skill level 5 in Translocations
 13365 | D:10     | Reached skill level 5 in Transmutations
 13365 | D:10     | Reached skill level 5 in Fire Magic
 13365 | D:10     | Reached skill level 5 in Ice Magic
 13365 | D:10     | Reached skill level 5 in Air Magic
 13365 | D:10     | Reached skill level 5 in Earth Magic
 13365 | D:10     | Reached skill level 5 in Poison Magic
 13792 | D:10     | Noticed a centaur warrior
 13805 | D:10     | Killed a centaur warrior
 14438 | D:10     | Noticed a sun demon
 14455 | D:11     | Noticed a two-headed ogre
 14463 | D:11     | Killed a two-headed ogre
 16472 | D:11     | Noticed a two-headed ogre
 16503 | D:11     | Killed a two-headed ogre
 16602 | D:11     | Found a staircase to the Lair.
 16742 | Lair:1   | Entered Level 1 of the Lair of Beasts
 16742 | Lair:1   | Found an ancient bone altar of Kikubaaqudgha.
 17278 | Lair:1   | Reached XP level 12. HP: 83/94 MP: 22/22
 17919 | Lair:1   | Acquired a scarf of repulsion
 18899 | Lair:2   | Learned a level 2 spell: Poisonous Vapours
 18902 | Lair:2   | Learned a level 2 spell: Wereblood
 18906 | Lair:2   | Learned a level 3 spell: Conjure Flame
 19839 | Lair:3   | Reached skill level 10 in Staves
 19839 | Lair:3   | Reached skill level 10 in Dodging
 20163 | Lair:3   | Identified the +5 trident "Iman" {vorpal, rC++}
 20870 | Lair:3   | Noticed a seven-headed hydra
 20877 | Lair:3   | Killed a seven-headed hydra
 21279 | D:3      | Killed Cecur's ghost
 23012 | D:9      | Bought -2 gold dragon scales for 840 gold pieces
 23381 | Lair:4   | Reached XP level 13. HP: 95/101 MP: 24/24
 23485 | Lair:4   | Found a staircase to the Shoals.
 23997 | Lair:4   | Found a hole to the Spider Nest.
 24030 | Lair:4   | Noticed Nergalle
 24609 | Lair:4   | Killed Nergalle
 26317 | Lair:5   | Found a hazy altar of Hepliaklqana.
 26400 | Lair:5   | Noticed Josephine
 26405 | Lair:5   | Killed Josephine
 27060 | Lair:6   | Entered Level 6 of the Lair of Beasts
 27136 | Lair:6   | Reached skill level 10 in Fighting
 27136 | Lair:6   | Reached skill level 10 in Throwing
 27136 | Lair:6   | Reached XP level 14. HP: 53/110 MP: 26/26
 27756 | Lair:6   | Reached skill level 10 in Invocations
 31956 | D:12     | Acquired 268 gold pieces
 32007 | D:12     | Found a staircase to the Orcish Mines.
 32256 | D:12     | Identified the +5 dagger "Cuprul Aniu" {holy, *Rage rN+
                  | Int+2}
 32289 | D:12     | Learned a level 3 spell: Mephitic Cloud
 32294 | D:12     | Learned a level 4 spell: Animate Armour
 32299 | D:12     | Learned a level 4 spell: Cause Fear
 32303 | D:12     | Learned a level 3 spell: Inner Flame
 32361 | D:12     | Reached XP level 15. HP: 117/117 MP: 20/28
 33641 | Orc:1    | Entered Level 1 of the Orcish Mines
 33988 | Orc:1    | Noticed an orc warlord
 34072 | Orc:1    | Paralysed by an orc sorcerer for 2 turns
 34077 | D:12     | Paralysed by an orc sorcerer for 5 turns
 35053 | Orc:1    | Killed an orc warlord
 35672 | Orc:1    | Noticed an orc warlord
 35892 | Orc:1    | Reached skill level 10 in Short Blades
 35892 | Orc:1    | Reached skill level 10 in Long Blades
 35892 | Orc:1    | Reached skill level 10 in Axes
 35892 | Orc:1    | Reached skill level 10 in Maces & Flails
 35892 | Orc:1    | Reached skill level 10 in Polearms
 35892 | Orc:1    | Reached skill level 10 in Slings
 35892 | Orc:1    | Reached skill level 10 in Bows
 35892 | Orc:1    | Reached skill level 10 in Crossbows
 35892 | Orc:1    | Reached skill level 10 in Armour
 35892 | Orc:1    | Reached skill level 10 in Stealth
 35892 | Orc:1    | Reached skill level 10 in Shields
 35892 | Orc:1    | Reached skill level 10 in Unarmed Combat
 35892 | Orc:1    | Reached skill level 10 in Spellcasting
 35892 | Orc:1    | Reached skill level 10 in Evocations
 35960 | Orc:1    | Killed an orc warlord
 36293 | Orc:1    | Identified the +6 war axe "Hiracw" {speed, +Blink rC+ SInv}
 36347 | Orc:1    | Learned a level 3 spell: Tukima's Dance
 36383 | Orc:2    | Entered Level 2 of the Orcish Mines
 36999 | Orc:2    | Found a staircase to the Elven Halls.
 37213 | Orc:2    | Gained mutation: You are somewhat resistant to further
                  | mutation. [a neqoxec]
 37223 | Orc:2    | Noticed an orc warlord
 37723 | D:12     | an orc warlord changed into an alligator
 38788 | Orc:2    | Paralysed by an orc sorcerer for 7 turns
 39159 | Orc:2    | Paralysed by an orc sorcerer for 5 turns
 41259 | Orc:2    | Found Puinuhub's Antique Armour Shoppe.
 41260 | Orc:2    | Found Ducuenke's Antique Weapon Emporium.
 41262 | Orc:2    | Found Banedd's General Store.
 41262 | Orc:2    | Found Vapoef's Jewellery Shoppe.
 41329 | Orc:2    | Bought a faintly glowing helmet for 294 gold pieces
 41329 | Orc:2    | Identified the +0 helmet of Vemupp {rF+} (You bought it in
                  | a shop on level 2 of the Orcish Mines)
 41339 | Orc:2    | Bought a pair of embroidered boots for 232 gold pieces
 41366 | Orc:2    | Bought 2 potions of resistance for 280 gold pieces
 41377 | Orc:2    | Bought 5 bolts for 14 gold pieces
 41787 | D:13     | Learned a level 4 spell: Summon Lightning Spire
 42582 | D:13     | Noticed Snorg
 42603 | D:13     | Killed Snorg
 42810 | D:13     | Found a portal to a secret trove of treasure.
 42919 | D:13     | Noticed Urug
 42923 | D:13     | Killed Urug
 43067 | D:13     | Found a sacrificial altar of Ru.
 43158 | D:14     | Found Wutzua Syluo's General Store.
 43163 | D:14     | Found Retuj's Specific Store.
 45575 | D:14     | Bought a phantom mirror for 440 gold pieces
 45579 | D:14     | Bought a scroll of holy word for 90 gold pieces
 45579 | D:14     | Bought a potion of curing for 36 gold pieces
 45844 | D:14     | Found a gate to the Vaults.
 46197 | D:15     | Entered Level 15 of the Dungeon
 46219 | D:15     | Reached XP level 16. HP: 120/126 MP: 17/30
 48378 | D:15     | Found a staircase to the Depths.
 48721 | D:15     | Got the Almanac of Illusion and Enchantment
 48829 | D:15     | Noticed Azrael
 48840 | D:15     | Killed Azrael
 49267 | D:15     | Learned a level 1 spell: Apportation
 49528 | Spider:1 | Entered Level 1 of the Spider Nest
 50144 | Spider:1 | Noticed Louise
 50680 | Shoals:1 | Entered Level 1 of the Shoals
 52013 | Shoals:2 | Found Omner's Distillery.
 52294 | Shoals:2 | Bought a potion of might for 60 gold pieces
 52294 | Shoals:2 | Bought a potion of might for 60 gold pieces
 52294 | Shoals:2 | Bought a potion of heal wounds for 75 gold pieces
 52294 | Shoals:2 | Bought a potion of heal wounds for 75 gold pieces
 52294 | Shoals:2 | Bought a potion of haste for 150 gold pieces
 52376 | Shoals:2 | Noticed a kraken
 52734 | Shoals:2 | Reached XP level 17. HP: 105/133 MP: 27/32
 52838 | Shoals:2 | Noticed a kraken
 53992 | Shoals:3 | Noticed Ilsuiw
 54298 | Shoals:3 | Found Dicvoynte's Weapon Shop.
 55686 | Shoals:3 | Killed Ilsuiw
 56723 | Spider:1 | Killed Louise
 56762 | Spider:1 | Reached skill level 10 in Conjurations
 56762 | Spider:1 | Reached skill level 10 in Hexes
 56762 | Spider:1 | Reached skill level 10 in Summonings
 56762 | Spider:1 | Reached skill level 10 in Necromancy
 56762 | Spider:1 | Reached skill level 10 in Translocations
 56762 | Spider:1 | Reached skill level 10 in Transmutations
 56762 | Spider:1 | Reached skill level 10 in Fire Magic
 56762 | Spider:1 | Reached skill level 10 in Ice Magic
 56762 | Spider:1 | Reached skill level 10 in Air Magic
 56762 | Spider:1 | Reached skill level 10 in Earth Magic
 56762 | Spider:1 | Reached skill level 10 in Poison Magic
 61637 | Spider:2 | Reached XP level 18. HP: 142/142 MP: 30/34
 63992 | Spider:3 | Gained mutation: You tend to lose your temper in combat.
                  | [mutagenic glow]
 64011 | Spider:2 | Gained mutation: Armour fits poorly on your strangely
                  | shaped body. [mutagenic glow]
 64030 | Spider:2 | Gained mutation: You are clumsy. (Dex -2) [mutagenic glow]
 64316 | Spider:2 | Lost mutation: You tend to lose your temper in combat.
                  | [potion of mutation]
 64316 | Spider:2 | Lost mutation: You are somewhat resistant to further
                  | mutation. [potion of mutation]
 64316 | Spider:2 | Lost mutation: Armour fits poorly on your strangely shaped
                  | body. [potion of mutation]
 64316 | Spider:2 | Gained mutation: You have a pair of small antennae on your
                  | head. [potion of mutation]
 66183 | Spider:3 | Found a transporter.
 66183 | Spider:3 | Found a transporter.
 66402 | Spider:4 | Entered Level 4 of the Spider Nest
 66413 | Spider:3 | Learned a level 5 spell: Freezing Cloud
 66863 | Spider:4 | HP: 5/143 [torpor snail (4)]
 66864 | Spider:4 | HP: 2/143 [wolf spider (2)]
 66864 | Spider:4 | Mangled by a wolf spider

Illustrated notes

Levels and vault maps discovered:
D:1:      saegor_arrival_simple_e, layout_basic
D:2:      layout_basic, basic_ecumenical_altar, uniq_crazy_yiuf_cottage
D:3:      layout_basic, gammafunk_ghost_mausoleum, kennysheep_jessica_study
D:4:      layout_rooms, okawaru_altar_gauntlet_db, chei_slow_surprise,
          uniq_sigmund
D:5:      layout_loops_corners, lemuel_temple_firewalk_a, uniq_eustachio
D:6:      layout_basic, serial_shops, kennysheep_mini_moat, uniq_grinder
D:7:      layout_basic
D:8:      layout_cave_pools, xom_teletrap_fun, mainiacjoe_overflow_divided_tiny,
          gammafunk_temple_overflow_claw, mainiacjoe_overflow_brackets,
          serial_column_ruins, column_ruins_columns_dead_end,
          column_ruins_grid_1, column_ruins_columns_corner, column_ruins_grid_1,
          column_ruins_open_small_water, chequers_serial_rivers_large_a,
          minmay_nine_imps
D:9:      layout_irregular_city, minmay_shop_damaged, minmay_misc_feat_enclosed
D:10:     hangedman_cross_stitches, layout_rooms
D:11:     layout_long_grid, david_lair_shrubbed
D:12:     layout_grid_maze, erik_orc_4, minmay_misc_feat_pillars, minmay_holes
D:13:     layout_loops_ring, trove_entry_hex_spiral, nicolae_ru_path_of_blood,
          uniq_snorg, uniq_urug
D:14:     layout_rooms, david_vaults_5, fountainhead, serial_rivers,
          chequers_serial_rivers_micro_b, chequers_serial_rivers_micro_e,
          chequers_serial_rivers_small_a, chequers_serial_rivers_micro_b,
          chequers_serial_rivers_marsh, nicolae_specific_store
D:15:     grunt_enter_depths_magical_seal, layout_long_grid, nicolae_sextant,
          nicolae_water_bricks, uniq_azrael
Temple:   dshaligram_water_room_temple
Lair:1:   layout_concentric_octagons, basic_altar, grunt_megastairs_4,
          lemuel_fruit_fields
Lair:2:   layout_cave_shapes, guppyfry_lair_drakes
Lair:3:   layout_regular_city, cheibrodos_lair_lostbears, grunt_megastairs_1,
          infiniplex_staircase_pool_2
Lair:4:   layout_hall_layers, minmay_shoals_entry_centaurs,
          nicolae_spider_entry_orb_guardian, lemuel_fruit_fields, uniq_nergalle
Lair:5:   layout_cave_pods, basic_altar, beast_lair_carwin_11,
          grunt_megastairs_2, lemuel_fruit_tree, serial_bayou_shore_b,
          uniq_josephine
Lair:6:   minmay_lair_end_enchanted_forest, layout_cave_pods,
          minmay_slime_entry_oklob_open, nicolae_quartered_pool_medium,
          serial_bayou_shore_b, grunt_megastairs_3
Shoals:1: layout_shoals, nzn_prometheus_bound
Shoals:2: layout_shoals, serial_shops, nicolae_shop_stone,
          nicolae_shoals_loop_pool
Shoals:3: layout_shoals, serial_shops, shop, nicolae_shoals_spring_well_temple,
          uniq_ilsuiw
Spider:1: layout_chambers, nicolae_spider_circle_web, uniq_louise
Spider:2: layout_spider_delve
Spider:3: gammafunk_boulding_lane
Spider:4: hellmonk_spider_rune_bug_friends, gammafunk_ghost_necromancy,
          drop_trap
Orc:1:    gammafunk_beogh_shrine, layout_caves, minmay_orc_treasury
Orc:2:    st_orc_congregation, layout_caves

Skill      XL: |  1  2  3  4  5  6  7  8  9 10 11 12 13 14 15 16 17 18 |
---------------+-------------------------------------------------------+-----
Short Blades   | 1 2 3 4 5 6 7 8 9 10 11 12 | 12.3
Long Blades    | 1 2 3 4 5 6 7 8 9 10 11 12 | 12.3
Axes           | 1 2 3 4 5 6 7 8 9 10 11 12 | 12.3
Maces & Flails | 1 2 3 4 5 6 7 8 9 10 11 12 | 12.3
Polearms       | 1 2 3 4 5 6 7 8 9 10 11 12 | 12.3
Slings         | 1 2 3 4 5 6 7 8 9 10 11 12 | 12.3
Bows           | 1 2 3 4 5 6 7 8 9 10 11 12 | 12.3
Crossbows      | 1 2 3 4 5 6 7 8 9 10 11 12 | 12.3
Armour         | 1 2 3 4 5 6 7 8 9 10 11 12 | 12.3
Stealth        | 1 2 3 4 5 6 7 8 9 10 11 12 | 12.3
Shields        | 1 2 3 4 5 6 7 8 9 10 11 12 | 12.3
Unarmed Combat | 1 2 3 4 5 6 7 8 9 10 11 12 | 12.3
Spellcasting   | 1 2 3 4 5 6 7 8 9 10 11 12 | 12.3
Invocations    | 1 2 3 4 5 6 7 8 9 10 11 12 13 | 13.4
Evocations     | 1 2 3 4 5 6 7 8 9 10 11 12 | 12.3
Conjurations   | 1 2 3 4 5 6 7 8 9 10 | 10.4
Hexes          | 1 2 3 4 5 6 7 8 9 10 | 10.4
Summonings     | 1 2 3 4 5 6 7 8 9 10 | 10.4
Necromancy     | 1 2 3 4 5 6 7 8 9 10 | 10.4
Translocations | 1 2 3 4 5 6 7 8 9 10 | 10.4
Transmutations | 1 2 3 4 5 6 7 8 9 10 | 10.4
Fire Magic     | 1 2 3 4 5 6 7 8 9 10 | 10.4
Ice Magic      | 1 2 3 4 5 6 7 8 9 10 | 10.4
Air Magic      | 1 2 3 4 5 6 7 8 9 10 | 10.4
Earth Magic    | 1 2 3 4 5 6 7 8 9 10 | 10.4
Poison Magic   | 1 2 3 4 5 6 7 8 9 10 | 10.4
Fighting       | 5 6 7 8 9 10 11 12 13 | 13.1
Throwing       | 5 6 7 8 9 10 11 12 13 | 13.1
Staves         | 7 8 9 10 11 12 13 | 13.9
Dodging        | 7 8 9 10 11 12 13 | 13.9

Action                   |  1- 3 |  4- 6 |  7- 9 | 10-12 | 13-15 | 16-18 || total
-------------------------+-------+-------+-------+-------+-------+-------++-------
Melee: Quarterstaff      |    89 |   194 |   323 |   480 |       |       ||  1086
       Bite              |     9 |    17 |    31 |   113 |   238 |   168 ||   576
       Unarmed           |       |       |     3 |       |       |       ||     3
       Flail             |       |       |       |    31 |       |       ||    31
       Whip              |       |       |       |    11 |       |       ||    11
       War axe           |       |       |       |   130 |    70 |   852 ||  1052
       Punch             |       |       |       |    14 |       |       ||    14
       Trident           |       |       |       |   160 |  1354 |       ||  1514
 Fire: Shortbow          |       |       |    45 |   110 |       |       ||   155
       Longbow           |       |       |       |    71 |       |       ||    71
       Hand crossbow     |       |       |       |       |   139 |   143 ||   282
Throw: Throwing net      |     1 |     3 |     2 |     2 |     1 |       ||     9
       Dart              |       |     5 |    33 |    37 |   116 |    48 ||   239
       Stone             |       |       |     7 |     3 |       |       ||    10
       Javelin           |       |       |       |    37 |    69 |     2 ||   108
       Boomerang         |       |       |       |     5 |   125 |   314 ||   444
 Cast: Inner Flame       |       |       |       |       |    26 |     1 ||    27
       Animate Armour    |       |       |       |       |     4 |       ||     4
       Poisonous Vapours |       |       |       |       |    95 |    60 ||   155
       Mephitic Cloud    |       |       |       |       |    64 |    56 ||   120
       Summon Lightning  |       |       |       |       |    25 |   134 ||   159
       Tukima's Dance    |       |       |       |       |     7 |     3 ||    10
       Cause Fear        |       |       |       |       |     6 |     1 ||     7
       Conjure Flame     |       |       |       |       |     3 |       ||     3
       Freezing Cloud    |       |       |       |       |       |     2 ||     2
Invok: Heal Self         |       |       |       |    23 |    26 |    16 ||    65
       Purification      |       |       |       |     8 |     1 |     3 ||    12
       Heal Other        |       |       |       |       |     4 |     1 ||     5
Evoke: Wand              |       |       |     3 |    12 |    38 |    20 ||    73
       Lightning rod     |       |       |       |     4 |    24 |    22 ||    50
       Tin of tremorston |       |       |       |     2 |     7 |    10 ||    19
       Phantom mirror    |       |       |       |       |       |     5 ||     5
  Use: Scroll            |       |    12 |     7 |    12 |    13 |     3 ||    47
       Potion            |       |     1 |     2 |     3 |     2 |     7 ||    15
 Stab: Held in net/web   |     1 |       |       |       |       |       ||     1
       Sleeping          |       |     2 |       |       |       |       ||     2
       Confused          |       |       |       |       |    16 |    16 ||    32
       Paralysed         |       |       |       |       |     9 |       ||     9
       Fleeing           |       |       |       |       |     1 |       ||     1
       Distracted        |       |       |       |       |       |    14 ||    14
Armor: Leather armour    |    28 |       |       |       |       |       ||    28
       Plate armour      |       |   115 |   284 |   944 |       |       ||  1343
       Ring mail         |       |    14 |       |       |       |       ||    14
       Skin              |       |     5 |     1 |       |       |       ||     6
       Gold dragon scale |       |       |       |     2 |   455 |       ||   457
       Chain mail        |       |       |       |       |   214 |   749 ||   963
       Scale mail        |       |       |       |       |    98 |    38 ||   136
Dodge: Dodged            |    62 |    70 |   122 |   472 |   446 |   621 ||  1793
Block: Buckler           |       |       |       |    39 |   781 |   777 ||  1597
       Reflection        |       |       |       |     3 |    19 |    18 ||    40

Table legend: (Time is in decaauts)
 A = Elapsed time spent in this place.
 B = Non-inter-level travel time spent in this place.
 C = Inter-level travel time spent in this place.
 D = Time resting spent in this place.
 E = Time spent auto-exploring this place.
 F = Levels seen in this place.
 G = Mean time per level.
                   A        B        C        D        E       F      G
               +--------+--------+--------+--------+--------+-----+--------+
         Total |  66465 |  63209 |   3256 |  30353 |  21518 |  31 | 2144.0 |
       Dungeon |  30040 |  27987 |   2053 |  12269 |  10755 |  15 | 2002.7 |
        Temple |    132 |    109 |     23 |      0 |    100 |   1 |  132.0 |
          Lair |  15120 |  14421 |    699 |   5926 |   5885 |   6 | 2520.0 |
        Shoals |   5404 |   5315 |     89 |   2565 |   1587 |   3 | 1801.3 |
   Spider Nest |  10178 |   9905 |    273 |   6616 |   2074 |   4 | 2544.5 |
  Orcish Mines |   5589 |   5473 |    116 |   2975 |   1116 |   2 | 2794.5 |
               +--------+--------+--------+--------+--------+-----+--------+

Top non-repeatable levels by time:
Spider:1: 4889 daAuts
    D:12: 4314 daAuts
  Lair:6: 3825 daAuts
  Lair:4: 3575 daAuts
   Orc:1: 3294 daAuts
    D:11: 3131 daAuts
    D:13: 3081 daAuts
    D:15: 3061 daAuts
Spider:2: 2886 daAuts
  Lair:3: 2440 daAuts
Shoals:2: 2412 daAuts
Spider:3: 2367 daAuts
     D:9: 2318 daAuts
   Orc:2: 2295 daAuts
     D:6: 2126 daAuts
